 Dungeon Crawl Stone Soup version 0.29.1-15-g9cfb28693d (webtiles) character file.

Game seed: 12002570990310191584

21 cowcol the Covered (level 2, -1/27 HPs)
             Began as a Minotaur Fighter on Mar 25, 2023.
             Killed from afar by Natasha (9 damage)
             ... with a puff of flame
             ... on level 2 of the Dungeon.
             The game lasted 00:02:16 (1416 turns).

cowcol the Covered (Minotaur Fighter)               Turns: 1416, Time: 00:02:17

Health: -1/27      AC:  7    Str: 20    XL:     2   Next: 62%
Magic:  1/1        EV:  9    Int:  5    God:
Gold:   12         SH:  4    Dex:  9    Spells: 1/1 levels left

rFire   . . .      SeeInvis .   a - +0 war axe
rCold   . . .      Faith    .   c - +0 buckler
rNeg    . . .      Spirit   .   b - +0 scale mail
rPois   .          Reflect  .   (helmet restricted)
rElec   .          Harm     .   (no cloak)
rCorr   .          Rampage  .   (no gloves)
Will    .....                   (no boots)
Stlth   ..........              (no amulet)
HPRegen 0.09/turn               (no ring)
MPRegen 0.07/turn               (no ring)

@: slowed, very slow
A: horns 2, retaliatory headbutt
a: no special abilities


You were on level 2 of the Dungeon.
You visited 1 branch of the dungeon, and saw 2 of its levels.

You collected 12 gold pieces.

Inventory:

Hand Weapons
 a - a +0 war axe (weapon)
Missiles
 j - 5 poisoned darts (quivered)
Armour
 b - a +0 scale mail (worn)
 c - a +0 buckler (worn)
 i - a +0 chain mail
Scrolls
 e - 2 scrolls of magic mapping {unknown}
 f - a scroll of identify {unknown}
 g - a scroll of poison {unknown}
 h - a scroll of fear {unknown}
Potions
 d - 3 potions of might


   Skills:
 + Level 4.1 Fighting
 + Level 2.8 Axes
 + Level 4.2 Armour
 - Level 3.6 Shields


You had one spell level left.
You didn't know any spells.
Your spell library was empty.

Dungeon Overview and Level Annotations

Branches:
Dungeon (2/15)

Altars:

Annotations:
D:2 Natasha


Innate Abilities, Weirdness & Mutations

You have a pair of horns on your head.
You reflexively headbutt those who attack you in melee.


Message History

Where to? (? - help)
What level of the Dungeon? (default 1, ? - help)
There is a stone staircase leading down here.
You climb downwards.
There is a stone staircase leading up here.
A hobgoblin is nearby!
You slash the hobgoblin!
You kill the hobgoblin!
Okay, then.
A hobgoblin comes into view.
The hobgoblin shouts!
You slash the hobgoblin!
You kill the hobgoblin!
Found a chain mail.
Found a stone staircase leading up.
You see here a hobgoblin corpse.
You see here a +0 chain mail.
i - a +0 chain mail
Found a stone staircase leading up.
Found a stone staircase leading down.
Found 6 poisoned darts.
Natasha, Servant of Life and Death comes into view.
She is carrying a wand of flame (14).
Found a whip.
Natasha hisses angrily.
Natasha moves out of view.
e - 2 scrolls labelled PENOLY RIRHOXI (gained 1) Natasha casts a spell at you.
You feel yourself slow down.
Natasha zaps a wand.
The puff of flame hits you!
You see here 6 poisoned darts.
j - 6 poisoned darts Throw: 6 darts (poison)
Press: ? - help, Q - select action Shift-Dir - straight line, f - Natasha
Aim: Natasha, carrying a wand of flame (13) (47% to hit)
You throw a poisoned dart. The poisoned dart hits Natasha.
Natasha is poisoned.
Natasha zaps a wand.
The puff of flame hits you. Natasha casts a spell at you.
The magic dart hits you.
* * * LOW HITPOINT WARNING * * *
Natasha zaps a wand.
The puff of flame hits you!
You die...

#..# ≈≈≈≈≈#...# #...
#######.#~≈#≈≈#≈##.#######.
........#≈≈≈≈≈≈≈≈#.........
#.#####.#≈≈#≈≈≈#≈≈.........
#...##≈≈≈≈≈≈##........#
###..~≈≈≈#≈≈#.........#
##...###≈≈##≈.........#
#.##......##~~...........#
........h.@...............#
...##..<............<.....#
## #................##.###
...>...............##.###
..##.....#####.....###....
. ........ ....### ###..
.......)## #...# #..
.##.....# #.# # #.. #. #..


You could see Natasha (poisoned).

Vanquished Creatures
  A dart slug (D:1)
  An endoplasm (D:1)
  2 giant cockroaches (D:1)
  2 hobgoblins (D:2)
  A kobold (D:1)
  4 quokkas (D:1)
  A ball python (D:1)
  3 bats (D:1)
  A frilled lizard (D:1)
  A rat (D:1)
17 creatures vanquished.

Notes
Turn   | Place    | Note
-------+----------+-------------------------------------------
     0 | D:1      | cowcol the Minotaur Fighter began the quest for the Orb.
     0 | D:1      | Reached XP level 1. HP: 19/19 MP: 0/0
   250 | D:1      | Reached XP level 2. HP: 20/27 MP: 1/1
  1408 | D:2      | Noticed Natasha
  1416 | D:2      | Killed from afar by Natasha

Illustrated notes

Levels and vault maps discovered:
D:1:      pf_arrival_petrified_forest, layout_loops_ring, minivault_4
D:2:      layout_basic, minmay_misc_feat_plants, nrook_loot_triangle,
          minivault_19, dreamdust_princess_bridge, minmay_misc_feat_enclosed,
          minivault_4, uniq_natasha

Skill      XL: |  1  2 |
---------------+-------+-----
Armour         | 4 |  4.2
Fighting       | 4 |  4.1
Axes           | |  2.8
Shields        | |  3.6

Action                   || total
-------------------------++-------
Melee: War axe           ||    37
       Headbutt          ||     5
Throw: Dart              ||     1
Armor: Scale mail        ||    17
Dodge: Dodged            ||    14
Block: Buckler           ||     5
